 Dungeon Crawl Stone Soup version 0.30.1-11-g7821555f0a (webtiles) character file.

Game seed: 16786620864531864208

148281 OlManJenkins the Warrior (level 16, 0/160 HPs)
             Began as a Minotaur Berserker on Dec 4, 2023.
             Was a High Priest of Trog.
             Slain by a rockslime (21 damage)
             ... on level 2 of the Pits of Slime on Dec 6, 2023.
             The game lasted 02:51:00 (47851 turns).

OlManJenkins the Warrior (Minotaur Berserker)      Turns: 47851, Time: 02:51:00

Health: 0/160      AC:  9    Str: 31    XL:     16   Next: 93%
Magic:  0/19       EV: 23    Int:  6    God:    Trog [*****.]
Gold:   368        SH:  0    Dex: 15    Spells: 15/15 levels left

rFire   + + +        I - +8 frozen axe "Frostbite" {freeze, freezing cloud, *Noise Fly rC+}
rCold   + + +        (shield currently unavailable)
rNeg    . . .        T - +2 troll leather armour
rPois   +            (helmet restricted)
rElec   +            b - +1 cloak {rPois}
rCorr   +            D - +1 pair of gloves "Fuqifogu" {SInv}
SInv    +            g - +2 pair of boots "Gofechal" {Rampage rElec rF++ Str+2}
Will    +....        R - amulet of guardian spirit
Stlth   +            e - +6 ring of strength
HPRegen 1.26/turn    F - +5 ring of evasion
MPRegen 0.16/turn

%: guardian spirit, rampage
@: confused, resistant, corroded, flying, unable to read
A: horns 2, retaliatory headbutt, hooves 1, cold resistance 1, fire resistance
1, inability to read after injury 1, sturdy frame 1
a: Renounce Religion, Berserk, Trog's Hand, Brothers in Arms


You were on level 2 of the Pits of Slime.
You worshipped Trog.
Trog was extremely pleased with you.
You visited 8 branches of the dungeon, and saw 30 of its levels.

You collected 2230 gold pieces.
You spent 1862 gold pieces at shops.

Inventory:

Hand Weapons
 a - a +6 eveningstar of venom
 I - the +8 frozen axe "Frostbite" (weapon) {freeze, freezing cloud, *Noise Fly rC+}
   (You found it on level 1 of the Spider Nest)

   rC:        It protects you from cold.
   Fly:       It grants you flight.
   *Noise:    It may make noises in combat.
 L - a +5 antimagic demon whip
 Q - a +0 great mace of protection
 U - the +8 Vampire's Tooth {megavamp}
   (You found it on level 10 of the Dungeon)
 V - the +2 hand axe "Tihic" {vamp, Dex+3}
   (You found it on level 1 of the Spider Nest)

   Dex:       It affects your dexterity (+3).
 X - a +2 antimagic dire flail
Missiles
 f - 4 curare-tipped darts
 h - 28 poisoned darts
 o - 2 javelins
 u - 76 stones (quivered)
 y - 25 boomerangs
 S - 5 silver javelins
Armour
 b - a +1 cloak of poison resistance (worn)
 g - the +2 pair of boots "Gofechal" (worn) {Rampage rElec rF++ Str+2}
   (You acquired it on level 1 of the Spider Nest)

   Str:       It affects your strength (+2).
   rF:        It greatly protects you from fire.
   rElec:     It insulates you from electricity.
   Rampage:   It bestows one free step when moving towards enemies.
 n - the +0 tower shield of Okeuc {rF+ Regen+ Dex+3}
   (You found it on level 2 of the Dungeon)

   Dex:       It affects your dexterity (+3).
   rF:        It protects you from fire.
   Regen:     It increases your rate of health regeneration.
 D - the +1 pair of gloves "Fuqifogu" (worn) {SInv}
   (You found it on level 3 of the Dungeon)

   SInv:      It lets you see invisible.
 T - a +2 troll leather armour (worn)
 Z - +0 acid dragon scales
Jewellery
 e - a +6 ring of strength (left hand)
 j - a ring of protection from fire
 v - a +6 ring of strength
 B - a ring of positive energy
 F - a +5 ring of evasion (right hand)
 H - an amulet of faith
 O - a +6 ring of dexterity
 R - an amulet of guardian spirit (around neck)
Wands
 d - a wand of mindburst (7)
 x - a wand of roots (25)
 E - a wand of paralysis (26)
 J - a wand of flame (15)
 P - a wand of digging (3)
Scrolls
 c - 3 scrolls of noise
 m - a scroll of butterflies
 q - 6 scrolls of teleportation
 z - 5 scrolls of immolation
 N - 3 scrolls of fog
 W - a scroll of poison
Potions
 i - 2 potions of heal wounds
 k - 2 potions of flight
 l - 2 potions of magic
 p - 11 potions of curing
 r - 3 potions of ambrosia
 s - 5 potions of lignification
 t - 2 potions of resistance
 w - 5 potions of might
 C - 3 potions of berserk rage
 G - 2 potions of haste
 K - 3 potions of invisibility
 Y - 3 potions of mutation
Miscellaneous
 A - a box of beasts
 M - a phantom mirror


   Skills:
 * Level 19.0 Fighting
 - Level 2.2 Short Blades
 - Level 5.6(9.4) Axes
 + Level 11.5(12.1) Maces & Flails
 + Level 9.4 Throwing
 + Level 13.4 Armour
 + Level 12.6 Dodging
 - Level 3.0 Stealth
 + Level 12.4 Shields
 - Level 5.6 Invocations
 + Level 10.5 Evocations


You had 15 spell levels left.
You didn't know any spells.
Your spell library contained the following spells:

 Spells                   Type           Power      Damage    Failure   Level
 Cigotuvi's Dreadful Rot  Necr/Pois/Air  0%         N/A       58%         2
 Ensorcelled Hibernation  Hex/Ice        0%         N/A       58%         2
 Passwall                 Tmut/Erth      0%         N/A       58%         2
 Ignite Poison            Fire/Tmut/Pois 0%         N/A       83%         3
 Inner Flame              Hex/Fire       0%         N/A       83%         3
 Ozocubu's Armour         Ice            0%         N/A       83%         3
 Portal Projectile        Hex/Tloc       0%         N/A       83%         3
 Swiftness                Air            0%         N/A       83%         3
 Tukima's Dance           Hex            0%         N/A       83%         3
 Flame Wave               Conj/Fire      0%         2d4       99%         4
 Passage of Golubria      Tloc           0%         N/A       99%         4
 Sticky Flame             Conj/Fire      0%         2d3       99%         4
 Summon Lightning Spire   Summ/Air       0%         N/A       99%         4
 Blade Hands              Tmut           0%         N/A       100%        5
 Freezing Cloud           Conj/Ice/Air   0%         6-21      100%        5
 Metabolic Englaciation   Hex/Ice        0%         N/A       100%        5
 Silence                  Hex/Air        0%         N/A       100%        5
 Simulacrum               Ice/Necr       0%         N/A       100%        6
 Ozocubu's Refrigeration  Ice            0%         4d7       100%        7
 Storm Form               Tmut/Air       0%         N/A       100%        7
 Lehudib's Crystal Spear  Conj/Erth      0%         10d2      100%        8
 Maxwell's Capacitive Co  Air            0%         ∞         100%        8
 Polar Vortex             Ice            0%         N/A       100%        9


Dungeon Overview and Level Annotations

Branches:
Dungeon (15/15)            Temple (1/1) D:4            Lair (5/5) D:9
  Swamp (1/4) Lair:3       Spider (1/4) Lair:3        Slime (4/5) Lair:5
    Orc (2/2) D:12            Elf (1/3) Orc:2        Vaults (0/5) D:14
 Depths (0/4) D:15

Altars:
Dithmenos
Elyvilon
Fedhas
Gozag
Hepliaklqana
Kikubaaqudgha
Nemelex Xobeh
Okawaru
Ru
Sif Muna
Trog
Uskayaw
Vehumet
Wu Jian
Xom
Yredelemnul
The Shining One

Shops:
D:7 (   D:12 =   D:13 ?   D:15 !   Orc:1 *   Orc:2 :*[(

Portals:
Abyss: D:13
Trove: D:13 (give 2 scrolls of acquirement)

Annotations:
D:3 1 runed translucent door
D:13 2 transporters, bearlyready's ghost, journeyman DsIE
D:14 exclusion: orange crystal statue


Innate Abilities, Weirdness & Mutations

You have a pair of horns on your head.
You reflexively headbutt those who attack you in melee.
You have large cloven feet.
Your flesh is cold resistant. (rC+)
Your flesh is heat resistant. (rF+)
You occasionally lose the ability to read scrolls when taking damage.
Your movements are slightly less encumbered by armour. (ER -2)


Message History

You easily resist.
The rockslime hits you!!!
You feel threatened and lose the ability to read scrolls!
You hold your ground!
The golden eye blinks at you.
You are more confused.
Unknown command.
You hit the golden eye. You freeze the golden eye.
Your headbutt misses the golden eye.
The golden eye is moderately wounded.
You barely miss the golden eye. You closely miss the rockslime.
You slice the golden eye!! You freeze the golden eye.
You kill the golden eye!
Trog accepts your kill. The golden eye blinks at you.
You easily resist.
The golden eye blinks!
The rockslime hits you but does no damage.
The acid blob spits acid at you. The splash of acid misses you.
The splash of acid hits the rockslime!
The acid corrodes the rockslime!
The rockslime hits you!!!
* * * LOW HITPOINT WARNING * * *
You hold your ground!
The golden eye blinks at you.
You are more confused.
The golden eye blinks at you.
You easily resist.
The rockslime completely misses you. The acid blob spits acid at you.
The splash of acid hits you!
* * * LOW HITPOINT WARNING * * *
The acid corrodes you!
You feel much better. The golden eye blinks at you.
You resist with almost no effort. The rockslime closely misses you.
The acid blob hits you.
* * * LOW HITPOINT WARNING * * *
You are splashed with acid!
* * * LOW HITPOINT WARNING * * *
You feel protected. The golden eye blinks at you. You resist with some effort.
The rockslime hits you!!
You die...

###...............
.##.................
.........#..........
...................#
#.................#
#.................#
.......>......##.#
............G....#.##
............J@J.....#
..#.#.........G....##
.....#.......#....#.#
....###......##......
...# #......# .....#
.. ##...... .....#
#...##.. ...## ##.#
##. #.## ## ## ##


You could see an acid blob, a rockslime (corroded) and 2 golden eyes.

Vanquished Creatures
  An acid blob (Slime:2)
  Agnes (D:13)
  A rockslime (Lair:5)
  2 azure jellies
  A fire giant (D:15)
  An emperor scorpion (Spider:1)
  An orc warlord (Orc:2)
  3 broodmothers (Spider:1)
  A reaper (Lair:3)
  Nessos (D:14)
  An eleionoma (Swamp:1)
  The ghost of bairyn the Skirmisher, a journeyman DESu of Cheibriados (Lair:5)
  Azrael (D:13)
  A minotaur (Lair:5)
  A spark wasp (Spider:1)
  Josephine (Orc:1)
  Erolcha (D:11)
  5 hydras
  3 catoblepae (Lair:5)
  3 centaur warriors
  3 boulder beetles
  4 dancing weapons
  4 two-headed ogres
  A death knight (D:15)
  2 tengu warriors (D:14)
  3 alligators (Swamp:1)
  10 death yaks
  4 orc high priests (Orc:2)
  2 deep elf knights (Elf:1)
  A sixfirhy (D:10)
  A pharaoh ant (Spider:1)
  3 skeletal warriors (D:13)
  An orb spider (Spider:1)
  3 goliath frogs (Swamp:1)
  2 phantasmal warriors (D:15)
  3 orc knights (Orc:2)
  2 necromancers
  2 lindwurms
  6 deep elf pyromancers
  6 cyclopes
  6 wolf spiders (Spider:1)
  4 orc sorcerers
  9 ugly things
  4 manticores
  2 shining eyes
  2 will-o-the-wisps (Swamp:1)
  A moth of wrath (Spider:1)
  4 elephants (Lair:5)
  5 black mambas
  The ghost of bairyn the Magician, a novice DESu (D:6)
  A torpor snail (Lair:4)
  7 komodo dragons
  13 cane toads
  3 efreet
  4 rime drakes
  4 freezing wraiths
  2 ice devils (D:10)
  3 meliai (Spider:1)
  4 trolls
  3 hornets (Swamp:1)
  Grinder (D:3)
  2 hellwings (D:10)
  5 tarantellas
  3 tyrant leeches
  17 blink frogs
  2 dream sheep (Lair:4)
  42 slime creatures
  3 vampires
  5 jumping spiders (Spider:1)
  2 shadows
  A centaur simulacrum (D:15)
  7 culicivoras (Spider:1)
  3 spriggans (Swamp:1)
  A water elemental (Elf:1)
  43 yaks
  2 wyverns
  4 wraiths
  6 golden eyes (Slime:2)
  4 basilisks
  A chaos spawn (D:10)
  3 fire elementals (D:13)
  A human (Lair:3)
  A warg (Orc:2)
  A steam dragon (D:9)
  Menkaure (D:6)
  12 redbacks (Spider:1)
  3 swamp worms
  14 vampire mosquitoes
  A harpy simulacrum (D:15)
  3 acid dragons
  15 water moccasins
  5 hell hounds (D:13)
  33 orc warriors
  4 ice beasts
  A black bear (Lair:3)
  3 sky beasts
  5 ogres
  29 wolves
  5 centaurs
  A phantom (D:6)
  The ghost of seasailer the Grave Robber, an amateur DsNe (D:3)
  16 bullfrogs
  An elf zombie (Elf:1)
  4 scorpions
  A hornet simulacrum (D:14)
  11 wights
  8 killer bees
  9 howler monkeys
  11 hounds
  13 jellies
  A gnoll bouda (D:6)
  5 quasits (D:10)
  35 orc priests
  3 iguanas
  29 orc wizards
  4 polar bear simulacra (Lair:5)
  6 wolf simulacra (Lair:5)
  9 adders
  4 gnolls
  A river rat (D:3)
  A shadow imp (D:7)
  2 white imps
  4 dart slugs
  93 orcs
  6 endoplasms
  4 giant cockroaches
  2 goblins
  5 hobgoblins
  5 jackals
  7 quokkas
  3 ball pythons (D:1)
  14 bats
  5 frilled lizards
  5 kobolds
  6 rats
  A river rat simulacrum (Lair:5)
806 creatures vanquished.

Vanquished Creatures (collateral kills)
  Rupert (Spider:1)
  An emperor scorpion (Spider:1)
  An ogre mage (D:13)
  6 two-headed ogres (D:13)
  A death yak (Lair:3)
  A wolf spider (Spider:1)
  An oklob plant (Lair:4)
  A demonic crawler (Spider:1)
  A tarantella (Spider:1)
  7 yaks
  A water moccasin (Lair:4)
  3 orc warriors (Orc:2)
  An ogre (D:13)
  An orc wizard (Orc:2)
  4 orcs (Orc:2)
31 creatures vanquished.

Vanquished Creatures (others)
  A bloated husk (Swamp:1)
  10 foxfires (Swamp:1)
11 creatures vanquished.

Grand Total: 848 creatures vanquished

Notes
Turn   | Place    | Note
-------+----------+-------------------------------------------
     0 | D:1      | OlManJenkins the Minotaur Berserker began the quest for the
                  | Orb.
     0 | D:1      | Reached XP level 1. HP: 19/19 MP: 0/0
   687 | D:1      | Reached XP level 2. HP: 27/27 MP: 1/1
   725 | D:1      | Reached skill level 4 in Fighting
  1400 | D:1      | Reached XP level 3. HP: 30/33 MP: 2/2
  1403 | D:1      | Reached ** piety under Trog
  1816 | D:2      | Identified the +11 short sword of Mamybbuff {flame, Drain
                  | rF+ rCorr Dex+2 Stlth+}
  1846 | D:2      | Identified the +0 tower shield of Okeuc {rF+ Regen+ Dex+3}
  1943 | D:2      | Reached skill level 1 in Evocations
  1943 | D:2      | Reached XP level 4. HP: 41/41 MP: 3/3
  2601 | D:3      | Noticed Grinder
  2604 | D:3      | Paralysed by Grinder for 3 turns
  2610 | D:3      | Killed Grinder
  2611 | D:3      | Reached skill level 5 in Fighting
  2611 | D:3      | Reached XP level 5. HP: 44/50 MP: 4/4
  2611 | D:3      | Reached XP level 6. HP: 51/57 MP: 5/5
  2924 | D:3      | Found a runed translucent door.
  2926 | D:3      | Noticed seasailer's ghost (amateur DsNe)
  3008 | D:3      | Found a sparkling altar of Nemelex Xobeh.
  3056 | D:3      | Found a runed translucent door.
  3135 | D:3      | Killed seasailer's ghost
  3136 | D:3      | Reached skill level 6 in Fighting
  3468 | D:3      | Identified the +1 pair of gloves "Fuqifogu" {SInv}
  3621 | D:4      | Found a staircase to the Ecumenical Temple.
  3734 | D:4      | Reached *** piety under Trog
  3852 | Temple   | Entered the Ecumenical Temple
  4041 | D:4      | Found a white marble altar of Elyvilon.
  4041 | D:4      | Found a faded altar of an unknown god.
  4048 | D:4      | Found a shadowy altar of Dithmenos.
  4050 | D:4      | Found a shimmering blue altar of Sif Muna.
  4052 | D:4      | Found a faded altar of an unknown god.
  4365 | D:5      | Entered Level 5 of the Dungeon
  4365 | D:5      | Noticed an ice beast
  4373 | D:5      | Killed an ice beast
  4374 | D:5      | Reached XP level 7. HP: 60/64 MP: 6/6
  4380 | D:5      | Reached skill level 7 in Fighting
  4605 | D:5      | Reached skill level 5 in Armour
  5126 | D:5      | You fall into a shaft and drop 1 floor!
  5126 | D:6      | Found a radiant altar of Vehumet.
  5134 | D:6      | Found a runed translucent door.
  5134 | D:6      | Noticed bairyn's ghost (novice DESu)
  5263 | D:6      | Found an ornate altar of the Wu Jian Council.
  5275 | D:6      | Noticed Menkaure
  5285 | D:6      | Killed Menkaure
  5286 | D:6      | Reached skill level 8 in Fighting
  5286 | D:6      | Reached skill level 5 in Dodging
  5286 | D:6      | Reached XP level 8. HP: 9/74 MP: 7/7
  5771 | D:6      | Reached skill level 9 in Fighting
  5771 | D:6      | HP: 3/117 [wight/+5 long sword (14)]
  6641 | D:6      | Reached XP level 9. HP: 85/85 MP: 8/8
  6991 | D:6      | Killed bairyn's ghost
  6992 | D:6      | Reached skill level 10 in Fighting
  7551 | D:7      | Reached skill level 5 in Evocations
  7788 | D:7      | Reached **** piety under Trog
  8146 | D:7      | Found Vacuisch's Weapon Emporium.
  8212 | D:8      | Reached skill level 11 in Fighting
  8219 | D:8      | Reached skill level 1 in Shields
  8479 | D:8      | Reached skill level 1 in Invocations
  8873 | D:8      | Reached skill level 1 in Maces & Flails
  8882 | D:8      | Noticed a boulder beetle
  8899 | D:8      | Killed a boulder beetle
  8900 | D:8      | Reached XP level 10. HP: 64/96 MP: 10/10
  8939 | D:8      | Noticed a centaur warrior
  8945 | D:8      | Killed a centaur warrior
  9576 | D:8      | Noticed a two-headed ogre
  9583 | D:8      | Killed a two-headed ogre
 10219 | D:9      | Found a staircase to the Lair.
 10568 | D:9      | Reached ***** piety under Trog
 10584 | D:9      | Found a flagged portal.
 10804 | D:9      | Reached skill level 12 in Fighting
 10824 | D:9      | Reached skill level 1 in Throwing
 11122 | D:10     | Entered Level 10 of the Dungeon
 11280 | D:10     | Reached skill level 5 in Shields
 11356 | D:10     | Noticed a sixfirhy
 11365 | D:10     | Killed a sixfirhy
 11366 | D:10     | Reached XP level 11. HP: 41/104 MP: 13/13
 11531 | D:10     | Found a blossoming altar of Fedhas.
 11659 | Lair:1   | Entered Level 1 of the Lair of Beasts
 12182 | Lair:1   | Reached skill level 5 in Invocations
 12309 | Lair:1   | Gained mutation: You are frail. (-10% HP) [potion of
                  | mutation]
 12310 | Lair:1   | Lost mutation: You are frail. (-10% HP) [potion of
                  | mutation]
 12310 | Lair:1   | Gained mutation: You are frail. (-10% HP) [potion of
                  | mutation]
 12311 | Lair:1   | Lost mutation: You are frail. (-10% HP) [potion of
                  | mutation]
 12311 | Lair:1   | Gained mutation: You are dopey. (Int -2) [potion of
                  | mutation]
 12311 | Lair:1   | Gained mutation: You are partially covered in large bone
                  | plates. (SH +4) [potion of mutation]
 12311 | Lair:1   | Gained mutation: You are partially covered in iridescent
                  | scales. (AC +2) [potion of mutation]
 12312 | Lair:1   | Lost mutation: You are partially covered in iridescent
                  | scales. (AC +2) [potion of mutation]
 12312 | Lair:1   | Lost mutation: You are partially covered in large bone
                  | plates. (SH +4) [potion of mutation]
 12312 | Lair:1   | Gained mutation: You are vulnerable to heat. (rF-) [potion
                  | of mutation]
 12312 | Lair:1   | Gained mutation: Your spells are a little easier to cast,
                  | but a little less powerful. [potion of mutation]
 12312 | Lair:1   | Gained mutation: You have an increased reservoir of magic.
                  | (+10% MP) [potion of mutation]
 12313 | Lair:1   | Lost mutation: You are vulnerable to heat. (rF-) [potion of
                  | mutation]
 12313 | Lair:1   | Lost mutation: You have an increased reservoir of magic.
                  | (+10% MP) [potion of mutation]
 12313 | Lair:1   | Lost mutation: Your spells are a little easier to cast, but
                  | a little less powerful. [potion of mutation]
 12313 | Lair:1   | Lost intelligence.
 12313 | Lair:1   | Gained mutation: You are very dopey. (Int -4) [potion of
                  | mutation]
 12316 | Lair:1   | Lost mutation: You are very dopey. (Int -4) [potion of
                  | mutation]
 12316 | Lair:1   | Lost mutation: You are dopey. (Int -2) [potion of mutation]
 12316 | Lair:1   | Gained mutation: You occasionally lose the ability to drink
                  | potions when taking damage. [potion of mutation]
 12316 | Lair:1   | Gained mutation: You are agile. (Dex +4, Str/Int -1)
                  | [potion of mutation]
 12316 | Lair:1   | Gained mutation: You have a pair of large horns on your
                  | head. [potion of mutation]
 12317 | Lair:1   | Lost mutation: You occasionally lose the ability to drink
                  | potions when taking damage. [potion of mutation]
 12317 | Lair:1   | Lost mutation: You have a pair of large horns on your head.
                  | [potion of mutation]
 12317 | Lair:1   | Lost mutation: You are agile. (Dex +4, Str/Int -1) [potion
                  | of mutation]
 12317 | Lair:1   | Gained mutation: Your movements are slightly less
                  | encumbered by armour. (ER -2) [potion of mutation]
 12317 | Lair:1   | Gained mutation: Your flesh is heat resistant. (rF+)
                  | [potion of mutation]
 12317 | Lair:1   | Gained mutation: Your flesh is cold resistant. (rC+)
                  | [potion of mutation]
 13386 | Lair:2   | Reached skill level 13 in Fighting
 14226 | D:10     | Reached skill level 1 in Stealth
 14228 | D:10     | Reached XP level 12. HP: 115/115 MP: 15/15
 14249 | D:10     | Reached skill level 5 in Maces & Flails
 14345 | D:10     | Found a hazy altar of Hepliaklqana.
 14690 | D:10     | Found the +8 Vampire's Tooth {megavamp}
 15023 | D:11     | Noticed Erolcha
 15035 | D:11     | Killed Erolcha
 15674 | Lair:2   | Reached skill level 14 in Fighting
 15674 | Lair:2   | Reached skill level 5 in Axes
 15674 | Lair:2   | Reached XP level 13. HP: 124/124 MP: 16/16
 16923 | Lair:3   | Reached skill level 10 in Armour
 17010 | Lair:3   | Reached skill level 5 in Throwing
 17256 | Lair:3   | Found a staircase to the Swamp.
 17282 | Swamp:1  | Entered Level 1 of the Swamp
 18255 | Lair:3   | Found a hole to the Spider Nest.
 18576 | Lair:3   | Found a runed translucent door.
 18579 | Lair:3   | Noticed a reaper
 19304 | Lair:4   | Reached skill level 15 in Fighting
 19346 | Lair:4   | Received a gift from Trog
 19384 | Lair:4   | Reached XP level 14. HP: 135/135 MP: 17/17
 19389 | Lair:4   | Reached skill level 10 in Dodging
 20097 | Lair:5   | Entered Level 5 of the Lair of Beasts
 20132 | Lair:5   | Found a staircase to the Slime Pits.
 20847 | Lair:5   | Noticed bairyn's ghost (journeyman DESu)
 20897 | Lair:5   | Found a runed translucent gate.
 20897 | Lair:5   | Found a runed translucent gate.
 20897 | Lair:5   | Found a runed translucent gate.
 21997 | Lair:5   | Reached skill level 16 in Fighting
 23286 | Lair:5   | Killed bairyn's ghost
 23426 | Lair:5   | Reached skill level 10 in Shields
 26120 | D:12     | Found Ufrubioff's Jewellery Shoppe.
 26216 | D:12     | Found a staircase to the Orcish Mines.
 26851 | D:12     | Received a gift from Trog
 27476 | Orc:1    | Entered Level 1 of the Orcish Mines
 27476 | Orc:1    | Found Quets's General Store.
 27498 | Orc:1    | Noticed Josephine
 27506 | D:12     | Reached XP level 15. HP: 145/145 MP: 16/18
 27621 | Orc:1    | Killed Josephine
 27695 | Orc:1    | Bought a scroll of enchant weapon for 90 gold pieces
 27924 | Orc:2    | Entered Level 2 of the Orcish Mines
 29231 | Orc:2    | Received a gift from Trog
 29560 | Orc:2    | Paralysed by an orc sorcerer for 5 turns
 30165 | Slime:1  | Entered Level 1 of the Pits of Slime
 30165 | Slime:1  | Noticed a rockslime
 30882 | D:13     | Reached skill level 17 in Fighting
 30960 | D:13     | Found Utueqov's Magic Scroll Shop.
 30971 | D:13     | Bought a scroll of blinking for 105 gold pieces
 30971 | D:13     | Bought a scroll of teleportation for 42 gold pieces
 30971 | D:13     | Bought a scroll of magic mapping for 105 gold pieces
 30971 | D:13     | Bought a scroll of butterflies for 56 gold pieces
 30971 | D:13     | Bought a scroll of fog for 56 gold pieces
 31061 | D:13     | Noticed Azrael
 31106 | D:13     | Killed Azrael
 31333 | D:13     | Found a portal to a secret trove of treasure.
 31372 | D:13     | Found a one-way gate to the infinite horrors of the Abyss.
 31372 | D:13     | Noticed bearlyready's ghost (journeyman DsIE)
 31392 | D:13     | Found a transporter.
 31392 | D:13     | Found a transporter.
 31623 | D:14     | Noticed Nessos
 31901 | D:14     | Killed Nessos
 32205 | D:14     | Identified a scroll of acquirement
 33426 | Spider:1 | Entered Level 1 of the Spider Nest
 33731 | Spider:1 | Noticed Rupert
 33741 | Spider:1 | Killed Rupert
 33742 | Spider:1 | Reached skill level 10 in Maces & Flails
 33750 | Spider:1 | Noticed an emperor scorpion
 33763 | Spider:1 | Killed an emperor scorpion
 33763 | Spider:1 | Received a gift from Trog
 33786 | Spider:1 | Noticed an emperor scorpion
 33794 | Spider:1 | Killed an emperor scorpion
 34841 | Spider:1 | Found the +8 frozen axe "Frostbite" {freeze, freezing
                  | cloud, *Noise Fly rC+}
 35133 | Spider:1 | Acquired the +2 pair of boots "Gofechal" {Rampage rElec
                  | rF++ Str+2}
 35154 | Spider:1 | Identified the +2 hand axe "Tihic" {vamp, Dex+3}
 35263 | Spider:1 | Reached XP level 16. HP: 21/157 MP: 1/19
 36002 | Slime:1  | Gained mutation: You have large cloven feet. [a shining
                  | eye]
 36007 | Lair:5   | Gained mutation: You occasionally lose the ability to read
                  | scrolls when taking damage. [a shining eye]
 36011 | Lair:5   | Reached skill level 18 in Fighting
 37274 | Orc:1    | Bought a potion of haste for 120 gold pieces
 37274 | Orc:1    | Bought a wand of roots (3) for 86 gold pieces
 37274 | Orc:1    | Bought a potion of curing for 36 gold pieces
 37274 | Orc:1    | Bought a wand of roots (5) for 144 gold pieces
 37274 | Orc:1    | Bought a scroll of teleportation for 36 gold pieces
 37356 | Orc:2    | Reached skill level 10 in Evocations
 37563 | Orc:2    | Found a staircase to the Elven Halls.
 38563 | Orc:2    | Found Leczit's General Store.
 38564 | Orc:2    | Found Uvytel's Book Emporium.
 38567 | Orc:2    | Found Koejo's Antique Armour Shoppe.
 38567 | Orc:2    | Found Monaidd's Antique Weapon Shoppe.
 38632 | Orc:2    | Bought 2 potions of heal wounds for 170 gold pieces
 38634 | Orc:2    | Bought a box of beasts for 680 gold pieces
 39133 | D:14     | Identified the +4 quarterstaff of the Big Bang {pain,
                  | Str+2}
 39428 | D:14     | Found a gate to the Vaults.
 39917 | D:14     | Noticed Agnes
 39986 | D:13     | Killed Agnes
 42657 | Slime:2  | Noticed an acid blob
 42671 | Slime:2  | Killed an acid blob
 43196 | Elf:1    | Entered Level 1 of the Elven Halls
 43349 | Elf:1    | Received a gift from Trog
 44546 | D:15     | Entered Level 15 of the Dungeon
 46016 | D:15     | Found Buizev's Distillery.
 46024 | D:15     | Bought a potion of curing for 51 gold pieces
 46024 | D:15     | Bought a potion of heal wounds for 85 gold pieces
 46032 | D:15     | Found a staircase to the Depths.
 46065 | D:15     | Reached skill level 19 in Fighting
 47836 | Slime:2  | Noticed an acid blob
 47851 | Slime:2  | Slain by a rockslime

Illustrated notes

Levels and vault maps discovered:
D:1:      heliophobic_arrival_henge, layout_basic,
          chequers_serial_rivers_small_b
D:2:      layout_basic
D:3:      layout_rooms, nemelex_spade_bored_becter, ebering_ghost_sewer_f,
          uniq_grinder
D:4:      layout_basic, chequers_temple_overflow_minitemple, temple_hall,
          kennysheep_decorative_pillar, minmay_misc_feat_five
D:5:      layout_cave_pools, serial_park, serial_park_square1
          [serial_park_minivault_5x5_5], serial_park_tiny_2, serial_park_tiny_1,
          serial_park_gazebo [serial_park_minivault_5x5_8]
D:6:      kennysheep_six_static_rooms, layout_basic,
          mainiacjoe_overflow_boulevard, nicolae_wu_jian_wuxing_cycle,
          gammafunk_ghost_grave, uniq_menkaure
D:7:      kb_forest_paths, layout_rooms, serial_shops, kennysheep_little_box
D:8:      kennysheep_blocky_room, layout_basic
D:9:      layout_loops_corners, lair_entry_dummy, enter_bailey_4
D:10:     layout_basic, worldfamousw_hep_ancestral_shrine,
          amcnicky_altar_gilded, serial_demonic, serial_demonic_d,
          serial_demonic_e, serial_demonic_b, serial_demonic_g,
          serial_demonic_d, minmay_misc_feat_tower,
          minmay_guarded_unrand_vampires_tooth
D:11:     layout_loops_ring, uniq_erolcha
D:12:     layout_stronghold, david_orc_3, serial_shops, shop,
          chequers_serial_rivers_room_a, lightli_fourway_metalbox
D:13:     layout_roguey, gammafunk_ghost_abyssal_escape,
          nicolae_trove_entry_isolated, serial_shops, shop, uniq_azrael
D:14:     layout_cave_pools, erik_vaults_1, corexii_corridor_pit,
          minmay_protected_statue, uniq_agnes, uniq_nessos
D:15:     grunt_enter_depths_giant_problem, layout_basic, serial_shops,
          nicolae_shop_peninsula, hangedman_abyss_or_decor_lesser_grid
Temple:   nicolae_temple_two_arcs
Lair:1:   beast_lair_carwin_large_4, layout_big_grid, serial_bayou_shore_b
Lair:2:   layout_cave_shapes, grunt_megastairs_4
Lair:3:   layout_chaotic_city, palyth_hydra_swamp_entry,
          spider_nest_entry_rubble, minivault_27, grunt_forest_small_clearings,
          roderic_batcave, pdpol_lair_cabin_in_the_woods
Lair:4:   layout_misc_corridors
Lair:5:   evilmike_catoblepas_cave, layout_loops_ring,
          nicolae_slime_entry_field_trip, maelrawn_ghost_gauntlet_escape,
          eino_house_with_fridge
Swamp:1:  layout_basic_swamp, nicolae_swamp_decorative_isthmus, swamp_pool2
Spider:1: nicolae_spider_brood_tunnel, uniq_rupert
Slime:1:  layout_caves
Slime:2:  layout_caves
Slime:3:  layout_caves
Slime:4:  layout_caves
Orc:1:    layout_diamond_mine, special_room [special_room_orc], serial_shops,
          shop, nicolae_orc_tapped_out, uniq_josephine
Orc:2:    st_orc_congregation, layout_caves, basic_altar
Elf:1:    nicolae_elf_arrival_fired_up, layout_geoelf_diagonals,
          minmay_elf_necromancy, grunt_megastairs_3

Skill      XL: |  1  2  3  4  5  6  7  8  9 10 11 12 13 14 15 16 |
---------------+-------------------------------------------------+-----
Fighting       | 4 5 6 8 9 11 12 13 14 15 16 17 19 | 19.0
Armour         | 3 4 5 6 8 9 10 11 12 13 | 13.4
Axes           | 4 5 |  5.6
Evocations     | 1 2 3 4 5 6 7 8 9 10 | 10.5
Dodging        | 3 4 5 6 7 8 9 11 12 | 12.6
Shields        | 2 5 7 8 9 10 11 12 | 12.4
Invocations    | 2 4 5 |  5.6
Maces & Flails | 1 3 4 6 7 9 10 11 | 11.5
Throwing       | 1 3 4 5 7 8 9 |  9.4
Stealth        | 1 3 |  3.0
Short Blades   | 2 |  2.2

Action                     |  1- 3 |  4- 6 |  7- 9 | 10-12 | 13-15 | 16-18 || total
---------------------------+-------+-------+-------+-------+-------+-------++-------
  Melee: War axe           |    55 |     3 |       |       |       |       ||    58
         Hand axe          |     8 |       |       |       |       |       ||     8
         Headbutt          |     9 |     9 |    31 |    77 |   245 |   130 ||   501
         Punch             |     1 |       |       |       |       |       ||     1
         Eveningstar       |       |    57 |   175 |   381 |   912 |   381 ||  1906
         Dire flail        |       |       |       |       |       |    90 ||    90
         Executioner's axe |       |       |       |       |       |    44 ||    44
  Throw: Stone             |       |       |       |       |    12 |    47 ||    59
         Dart              |       |       |       |       |     7 |    12 ||    19
 Invoke: Berserk           |     1 |       |     2 |     4 |     2 |       ||     9
         Trog's Hand       |       |       |     1 |       |       |       ||     1
         Brothers in Arms  |       |       |       |     4 |     9 |       ||    13
  Evoke: Wand              |       |       |       |       |    26 |     4 ||    30
         Phantom mirror    |       |       |       |       |       |     1 ||     1
    Use: Scroll            |     2 |     6 |     6 |    10 |    22 |     3 ||    49
         Potion            |       |       |       |     8 |     6 |     8 ||    22
   Stab: Sleeping          |     1 |     2 |     2 |     2 |     4 |       ||    11
         Petrified         |       |       |       |       |     5 |       ||     5
         Distracted        |       |       |       |       |     2 |       ||     2
 Armour: Animal skin       |    12 |    14 |    35 |    77 |       |       ||   138
         Troll leather arm |       |       |       |     9 |   227 |   134 ||   370
         Skin              |       |       |       |       |     2 |       ||     2
  Dodge: Dodged            |    65 |    40 |   123 |   285 |   737 |   482 ||  1732
  Block: Tower shield      |     1 |    39 |   138 |   393 |   995 |   455 ||  2021
